 Dungeon Crawl Stone Soup version 0.30-a0-883-g5ad918d77d (webtiles) character file.

Game seed: 2995825702468091909

301 Hubris850 the Conjurer (level 6, 0/45 HPs)
             Began as a Draconian Conjurer on Mar 15, 2023.
             Was an Initiate of Vehumet.
             Slain by Pikel
             ... wielding a +1 whip of flaming
              (4 damage)
             ... on level 3 of the Dungeon.
             The game lasted 00:10:57 (4259 turns).

Hubris850 the Conjurer (Draconian Conjurer)         Turns: 4259, Time: 00:10:58

Health: 0/45       AC:  6    Str: 15    XL:     6   Next: 14%
Magic:  0/11       EV: 12    Int: 21    God:    Vehumet [......]
Gold:   132        SH:  0    Dex:  9    Spells: 4/11 levels left

rFire   . . .      SeeInvis +    B - +0 rapier (speed)
rCold   . . .      Faith    .    (no shield)
rNeg    . . .      Spirit   +    (body armour unavailable)
rPois   .          Reflect  .    (helmet restricted)
rElec   .          Rampage  .    (no cloak)
rCorr   .                        (no gloves)
Will    .....                    (no boots)
Stlth   ++                       s - amulet of guardian spirit
HPRegen 0.27/turn                f - +6 ring of strength
MPRegen 0.12/turn                l - ring of see invisible

@: no status effects
A: AC +6, unfitting armour, cold-blooded
a: Renounce Religion


You were on level 3 of the Dungeon.
You worshipped Vehumet.
Vehumet was noncommittal.
You visited 1 branch of the dungeon, and saw 5 of its levels.

You collected 132 gold pieces.

Inventory:

Hand Weapons
 c - a +0 rapier
 e - a +0 short sword
 g - a +0 hand axe
 p - a +0 whip
 B - a +0 rapier of speed (weapon)
Missiles
 x - 3 boomerangs
 A - 3 throwing nets
 D - 2 poisoned darts
Magical Staves
 C - a staff of air
Jewellery
 f - a +6 ring of strength (left hand)
 l - a ring of see invisible (right hand)
 s - an amulet of guardian spirit (around neck)
Wands
 u - a wand of roots (9)
Scrolls
 d - 2 scrolls of torment {unknown}
 h - a scroll of poison {unknown}
 i - 2 scrolls of vulnerability {unknown}
 n - 4 scrolls of teleportation {unknown}
 o - a scroll of blinking {unknown}
 r - 4 scrolls of enchant armour {unknown}
 v - a scroll of identify {unknown}
 y - 2 scrolls of noise {unknown}
 E - a scroll of immolation {unknown}
Potions
 a - a potion of magic
 b - 2 potions of heal wounds {unknown}
 j - a potion of haste {unknown}
 k - 2 potions of flight {unknown}
 m - a potion of brilliance {unknown}
 q - 2 potions of curing {unknown}
 t - 2 potions of invisibility {unknown}
 w - a potion of cancellation {unknown}
 z - 2 potions of might {unknown}


   Skills:
 + Level 3.3 Dodging
 - Level 3.0 Stealth
 + Level 3.4 Spellcasting
 + Level 5.1 Conjurations
 + Level 0.8 Hexes


You had 4 spell levels left.
You knew the following spells:

 Your Spells              Type           Power      Damage    Failure   Level
a - Magic Dart            Conj           100%       1d8       1%          1
b - Searing Ray           Conj           50%        2d6       2%          2
c - Fulminant Prism       Conj/Hex       8%         3d7       36%         4

Your spell library contained the following spells:

 Spells                   Type           Power      Damage    Failure   Level
 Dazzling Flash           Conj/Hex       32%        N/A       11%         3
 Iskenderun's Mystic Bla  Conj/Tloc      14%        2d5       41%         4


Dungeon Overview and Level Annotations

Branches:
Dungeon (5/15)
 Temple: D:4-7

Altars:
Ashenzari
Vehumet
Zin

Annotations:
D:3 2 transporters, Pikel; hgbash's ghost, amateur DEIE
D:4 exclusions: lemure and quasit, Eustachio


Innate Abilities, Weirdness & Mutations

Your plain brown scales are hard. (AC +6)
You cannot fit into any form of body armour.
You are cold-blooded and may be slowed by cold attacks.


Message History

You hit Pikel but do no damage.
Your tail-slap misses Pikel.
You punch Pikel, but do no damage.
Pikel is severely wounded.
Pikel misses you.
You hit Pikel but do no damage. You tail-slap Pikel, but do no damage.
Pikel is severely wounded.
Pikel hits you but does no damage.
You hit Pikel. You tail-slap Pikel.
Pikel is severely wounded.
Pikel barely misses you.
You hit Pikel but do no damage.
Pikel is severely wounded.
Pikel hits you with a +1 whip of flaming.
Pikel burns you.
You hit Pikel.
Pikel is severely wounded.
You closely miss Pikel.
Pikel is severely wounded.
Pikel hits you with a +1 whip of flaming.
Pikel burns you.
You hit Pikel.
Pikel is almost dead.
Pikel misses you.
You closely miss Pikel.
Pikel is almost dead.
Pikel hits you with a +1 whip of flaming.
Pikel burns you.
* * * LOW HITPOINT WARNING * * *
You barely miss Pikel.
Pikel is almost dead.
Pikel says, "Hell isn't that bad."
Pikel barely misses you.
You hit Pikel but do no damage.
Pikel is almost dead.
You hit Pikel.
Pikel is almost dead.
Pikel hits you with a +1 whip of flaming!
* * * LOW HITPOINT WARNING * * *
Pikel burns you.
You die...

##..##8.....8##..#............#
#....#########...######..######
#........©.......# #[[##
#...............## #.##
#...........#..## ##.#
............##.# ##..#
#...........##.#####..##
#...........##..##...##
#...........###<@K.###
#.########### ##..##### #.#
#......# #.# ####.####.# #.#
#.........# #.# #.##.######
#.######### #.##.#
..........###.##.#
#.#####.......##.#


You could see Pikel.

Vanquished Creatures
  A lemure (D:3)
  A scorpion (D:4)
  2 hounds (D:4)
  6 adders
  4 gnolls (D:3)
  A dart slug (D:3)
  3 orcs
  5 ball pythons
  7 endoplasms
  6 giant cockroaches
  7 hobgoblins
  8 jackals
  8 kobolds
  2 quokkas
  5 bats
  4 frilled lizards
  11 goblins
  2 rats
83 creatures vanquished.

Notes
Turn   | Place    | Note
-------+----------+-------------------------------------------
     0 | D:1      | Hubris850 the Draconian Conjurer began the quest for the
                  | Orb.
     0 | D:1      | Reached XP level 1. HP: 14/14 MP: 3/3
   253 | D:1      | Reached XP level 2. HP: 20/20 MP: 0/5
   792 | D:1      | Learned a level 2 spell: Searing Ray
  1075 | D:2      | Reached XP level 3. HP: 22/26 MP: 0/6
  1551 | D:2      | Reached XP level 4. HP: 33/33 MP: 2/7
  2201 | D:3      | Noticed hgbash's ghost (amateur DEIE)
  2207 | D:3      | Found a transporter.
  2216 | D:3      | Found a transporter.
  2757 | D:3      | Reached XP level 5. HP: 27/38 MP: 2/9
  2931 | D:2      | Learned a level 4 spell: Fulminant Prism
  3441 | D:4      | You fall into a shaft and drop 1 floor!
  3441 | D:5      | Entered Level 5 of the Dungeon
  3595 | D:4      | Found a radiant altar of Vehumet.
  3602 | D:4      | Became a worshipper of Vehumet
  3605 | D:4      | Found a broken altar of Ashenzari.
  3623 | D:4      | Reached skill level 5 in Conjurations
  3738 | D:4      | Found a glowing silver altar of Zin.
  3778 | D:4      | Noticed Eustachio
  3942 | D:4      | Reached XP level 6. HP: 22/45 MP: 8/11
  4133 | D:4      | Noticed Pikel
  4259 | D:3      | Slain by Pikel

Illustrated notes

Levels and vault maps discovered:
D:1:      dpeg_arrival_snail, layout_basic
D:2:      layout_basic, minmay_fractal_squares_gapless_5
D:3:      layout_basic, gammafunk_ghost_arena, fountainhead, wad_floor_pattern_2
D:4:      layout_cave_pools, mainiacjoe_overflow_concentric_impassable,
          mainiacjoe_overflow_large_starburst, minmay_temple_entry_poolview,
          kennysheep_dice, uniq_eustachio, uniq_pikel
D:5:      layout_basic, nzn_overflow_gifts_of_might_and_magic,
          gup_sewer_entry_pipe, nicolae_kite_square_tiling_tiny

Skill      XL: |  1  2  3  4  5 |
---------------+----------------+-----
Dodging        | 2 3 |  3.3
Stealth        | 2 3 |  3.0
Spellcasting   | 3 |  3.4
Conjurations   | 5 |  5.1
Hexes          | |  0.8

Action                     |  1- 3 |  4- 6 || total
---------------------------+-------+-------++-------
  Melee: Short sword       |    20 |       ||    20
         Rapier            |     2 |    28 ||    30
         Tailslap          |     2 |     4 ||     6
         Punch             |       |     1 ||     1
  Throw: Dart              |       |     4 ||     4
   Cast: Magic Dart        |    72 |   121 ||   193
         Searing Ray       |       |     3 ||     3
  Evoke: Wand              |       |     1 ||     1
 Armour: Skin              |    14 |    21 ||    35
  Dodge: Dodged            |    20 |    38 ||    58

Table legend: (Time is in decaauts)
 A = Elapsed time spent in this place.
 B = Non-inter-level travel time spent in this place.
 C = Inter-level travel time spent in this place.
 D = Time resting spent in this place.
 E = Time spent auto-exploring this place.
 F = Levels seen in this place.
 G = Mean time per level.
                   A        B        C        D        E       F      G
               +--------+--------+--------+--------+--------+-----+--------+
         Total |   4252 |   4176 |     76 |    640 |   2859 |   5 |  850.4 |
       Dungeon |   4252 |   4176 |     76 |    640 |   2859 |   5 |  850.4 |
               +--------+--------+--------+--------+--------+-----+--------+

Top non-repeatable levels by time:
     D:3: 1281 daAuts
     D:2: 1233 daAuts
     D:1: 956 daAuts
     D:4: 756 daAuts
     D:5: 23 daAuts
